 Dungeon Crawl Stone Soup version 0.18-a0-1180-g64ccc1e (webtiles) character file.

139 ololoev the Firebug (level 5, 0/30 HPs)
             Began as a Deep Elf Fire Elementalist on Jan 27, 2016.
             Succumbed to a worker ant's poison
             ... on level 4 of the Dungeon.
             The game lasted 00:04:49 (577 turns).

ololoev the Firebug (Deep Elf Fire Elementalist)     Turns: 577, Time: 00:04:50

Health: 0/30       AC:  4    Str:  5    XL:     5   Next: 1%
Magic:  5/11       EV: 18    Int: 21    God:
Gold:   63         SH:  0    Dex: 20    Spells: 3 memorised, 4 levels left

rFire  . . .     SeeInvis .     f - +0 spear
rCold  . . .     Gourm    .     a - +0 robe
rNeg   . . .     Faith    .     (no shield)
rPois  .         Spirit   .     (no helmet)
rElec  .         Dismiss  .     (no cloak)
rCorr  .         Reflect  .     (no gloves)
SustAt .         Harm     .     h - +0 pair of boots
MR     .....     Rnd*Rage +     (no amulet)
Stlth  +++.......               (no ring)
                                (no ring)

@: agile, lethally poisoned (0 -> -6), flying, not resistant to hostile
enchantments, fairly stealthy
A: hooves 1, berserk 1, low mp 1, robust 1, shaggy fur 1
a: no special abilities


Innate Abilities, Weirdness & Mutations

You have large cloven feet.
You tend to lose your temper in combat.
Your magical capacity is low (-10% MP).
You are robust (+10% HP).
You are covered in fur (AC +1).

Inventory:

Hand Weapons
 f - a +0 spear (weapon)
Armour
 a - a +0 robe (worn)
 h - a +0 pair of boots (worn)
Jewellery
 i - an uncursed ring of ice
Scrolls
 d - 2 scrolls of teleportation {unknown}
 g - 3 scrolls of identify {unknown}
 j - a scroll of enchant weapon {unknown}
 n - a scroll of recharging {unknown}
Books
 b - a book of Flames

   Spells                             Type                      Level
   a - Flame Tongue                   Conjuration/Fire             1
   b - Throw Flame                    Conjuration/Fire             2
   c - Conjure Flame                  Conjuration/Fire             3
   d - Inner Flame                    Hexes/Fire                   3
   e - Sticky Flame                   Conjuration/Fire             4
   f - Fireball                       Conjuration/Fire             5
Comestibles
 c - 2 bread rations
 k - a chunk of flesh


   Skills:
 - Level 2.4 Dodging
 - Level 2.4 Stealth
 + Level 4.0 Spellcasting
 * Level 4.1 Conjurations
 + Level 4.1 Fire Magic


You had 4 spell levels left.
You knew the following spells:

 Your Spells              Type           Power        Failure   Level  Hunger
a - Flame Tongue          Conj/Fire      ###..        1%          1    None
b - Conjure Flame         Conj/Fire      ###.....     10%         3    ###....
c - Sticky Flame          Conj/Fire      ###.....     24%         4    ####...


You were on level 4 of the Dungeon.
You were not hungry.

You visited 1 branch of the dungeon, and saw 5 of its levels.

You collected 63 gold pieces.

#######
#######.....#######.#
................@a..#
.........#..#########
.........#..#
............#
.........##.#
.........##.#
..#########.# ..###
#.# ....# ..

Notes
Turn   | Place    | Note
--------------------------------------------------------------
     0 | D:1      | ololoev the Deep Elf Fire Elementalist began the quest for the Orb.
     0 | D:1      | Reached XP level 1. HP: 10/10 MP: 6/6
   160 | D:3      | Found a radiant altar of Vehumet.
   163 | D:3      | Reached XP level 2. HP: 15/15 MP: 2/8
   370 | D:4      | Noticed a phantom
   405 | D:4      | Killed a phantom
   405 | D:4      | Reached skill level 4 in Fire Magic
   405 | D:4      | Reached XP level 3. HP: 3/19 MP: 0/10
   405 | D:4      | Reached XP level 4. HP: 3/24 MP: 0/11
   413 | D:4      | Learned a level 3 spell: Conjure Flame
   418 | D:4      | Learned a level 4 spell: Sticky Flame
   455 | D:5      | Entered Level 5 of the Dungeon
   571 | D:4      | Reached XP level 5. HP: 11/28 MP: 8/13
   572 | D:4      | Gained mutation: You tend to lose your temper in combat. [potion of mutation]
   572 | D:4      | Gained mutation: You have large cloven feet. [potion of mutation]
   572 | D:4      | Gained mutation: You are covered in fur (AC +1). [potion of mutation]
   574 | D:4      | Gained mutation: Your magical capacity is low (-10% MP). [potion of mutation]
   574 | D:4      | Gained mutation: You are robust (+10% HP). [potion of mutation]
   575 | D:4      | HP: 1/30 [poisoned by a worker ant]
   577 | D:4      | Succumbed to a worker ant's poison

Dungeon Overview and Level Annotations

Branches:
Dungeon (5/15)
 Temple: D:4-7

Altars:
Vehumet


Message History

Confirm with . or Enter, or press ? or * to list all spells.
Aiming: Flame Tongue
Press: ? - help, Shift-Dir - straight line, f - adder
Aim: an adder (moderately wounded)
The flame tongue hits the adder.
You kill the adder!
You have reached level 5!
The worker ant bites you!
You are lethally poisoned!
The worker ant poisons you!
Drink which item? (? for menu, Esc to quit)
It was a potion of mutation.
You feel extremely strange.
You feel a little pissed off.
Your feet thicken and deform.
Fur sprouts all over your body.
You feel sick. The worker ant closely misses you.
Drink which item? (? for menu, Esc to quit)
It was a potion of curing.
You feel better. The worker ant bites you.
You are lethally poisoned!
The worker ant poisons you! The worker ant bites you.
Drink which item? (? for menu, Esc to quit)
You feel extremely strange.
You feel less energetic.
You feel robust.
You feel sick. The worker ant closely misses you.
Drink which item? (? for menu, Esc to quit)
It was a potion of agility.
You feel agile all of a sudden.
You feel sick. The worker ant completely misses you.
Drink which item? (? for menu, Esc to quit)
It was a potion of flight.
You feel very buoyant.
You fly up into the air.
The worker ant misses you.
Casting: Flame Tongue
Confirm with . or Enter, or press ? or * to list all spells.
Aiming: Sticky Flame
Press: ? - help, Shift-Dir - straight line, f - worker ant
Aim: a worker ant The sticky flame hits the worker ant.
The worker ant is lightly wounded.
The worker ant is covered in liquid flames!
You die...

You could see a worker ant (burning).

Vanquished Creatures
  A phantom (D:4)
  2 adders
  A worm (D:4)
  2 giant geckos (D:4)
  An orc (D:5)
  2 bats
  2 giant cockroaches
  2 hobgoblins
  2 jackals (D:2)
  3 kobolds
  A quokka (D:4)
  2 goblins (D:3)
  A rat (D:2)
22 creatures vanquished.

Action                   |  1- 3 |  4- 6 || total
-------------------------+-------+-------++-------
 Cast: Flame Tongue      |    32 |    13 ||    45
       Sticky Flame      |       |     1 ||     1
  Use: Potion            |       |     5 ||     5

Vault maps used:
D:1:      tarquinn_simple_flora_water_c, minmay_statues_item
D:3:      fiery_altar_vehumet, lemuel_coloured_pillars_altar,
          guppyfry_early_lair_pool, uniq_robin
D:4:      minmay_temple_entry_fiery, first_bread
D:5:      st_stairs_1
